AoeStats
← Valentin

Black Forest

507536250Analyzed
4v4 RM · 13d ago on Sep 18, 2026· 75m 19s· 8 players
Game mode
Random Map
Map size
Large (8 player)
Population
200
Speed
Normal
Resources
Standard
Victory
Conquest
Starting age
Dark Age
Ending age
Imperial Age
RankedLock teamsTeams togetherTeam positionsShared explorationLock speedFull tech treeHidden civsTurbo modeCheats
Victory
Defeat
🇩🇪 Bohemians · Germany
994
+12
🇩🇪 Persians · Germany
988
+13
🇩🇪 Malians · Germany
944
+14
🇩🇪 Britons · Germany
828
+20
🇹🇷 Vietnamese · Türkiye
930
-16
🇹🇷 Hindustanis · Türkiye
930
-16
🇦🇷 Italians · Argentina
903
-14
🇪🇸 Khmer · Spain
876
-13
TENNOSUKE
11:29 Feudal Age
17:08 Castle Age
15:29 Horse Collar
15:38 Double-Bit Axe
18:47 Heavy Plow
21:32 Bow Saw
25:30 Wheelbarrow
25:54 Gold Mining
26:54 Hand Cart
28:13 Gold Shaft Mining
30:18 Imperial Age
30:05 Light Cavalry
30:56 Bloodlines
31:36 Forging
31:32 Scale Barding Armor
32:37 Chemistry
31:00 Elite Ballista Elephant
32:53 Crop Rotation
33:04 Iron Casting
31:53 Hussar
33:03 Tusk Swords
33:28 Chain Barding Armor
33:59 Double Crossbow
34:08 Heavy Scorpion
36:19 Plate Barding Armor
36:45 Blast Furnace
37:59 Caravan
47:48 Scale Mail Armor
47:50 Padded Archer Armor
47:40 Fletching
47:41 Pikeman
48:07 Arson
50:23 Halberdier
MAD
0:32 Loom
13:31 Feudal Age
14:59 Wheelbarrow
14:06 Horse Collar
25:34 Stone Mining
25:35 Gold Mining
28:13 Castle Age
28:54 Double-Bit Axe
29:13 Heavy Plow
29:30 Hand Cart
30:22 Bow Saw
31:24 Stone Shaft Mining
31:49 Caravan
35:53 Imperial Age
34:18 Fletching
34:29 Padded Archer Armor
38:20 Two-Man Saw
37:54 Crop Rotation
41:17 Elite Rattan Archer
42:20 Paper Money
42:26 Paper Money
42:45 Hoardings
42:12 Chatras
42:14 Bodkin Arrow
42:34 Leather Archer Armor
43:10 Bracer
44:40 Ring Archer Armor
46:44 Ballistics
46:31 Siege Engineers
47:32 Chemistry
47:06 Town Watch
49:50 Forging
49:43 Town Patrol
51:14 Squires
50:59 Arson
54:17 Thumb Ring
59:03 Guilds
59:24 Coinage
61:44 Banking
62:55 Iron Casting
62:20 Scale Mail Armor
62:25 Scale Barding Armor
62:12 Elite Battle Elephant
62:54 Husbandry
63:04 Bloodlines
65:03 Chain Mail Armor
66:18 Chain Barding Armor
70:23 Plate Barding Armor
71:09 Elite Skirmisher
71:58 Imperial Skirmisher
Toxic
0:59 Loom
13:44 Feudal Age
19:51 Castle Age
31:28 Imperial Age
30:48 Horse Collar
31:15 Crossbowman
35:16 Arbalester
36:02 Thumb Ring
38:42 Wheelbarrow
37:52 Town Watch
39:43 Chemistry
38:46 Padded Archer Armor
40:35 Fletching
41:24 Double-Bit Axe
41:57 Leather Archer Armor
41:39 Bodkin Arrow
42:44 Hand Cart
42:29 Town Patrol
46:38 Bow Saw
47:03 Ring Archer Armor
46:34 Bracer
48:49 Heavy Plow
50:54 Ballistics
53:06 Forging
karaokur
0:30 Loom
14:38 Feudal Age
16:46 Wheelbarrow
16:04 Horse Collar
16:12 Double-Bit Axe
20:36 Castle Age
19:46 Stone Mining
20:27 Town Watch
23:07 Gold Mining
24:58 Hand Cart
27:02 Heavy Plow
27:16 Bow Saw
29:50 Caravan
32:52 Imperial Age
30:48 Grand Trunk Road
31:37 Forging
32:09 Town Patrol
33:54 Iron Casting
33:10 Fletching
33:21 Padded Archer Armor
33:26 Scale Barding Armor
34:51 Two-Man Saw
36:12 Blast Furnace
35:09 Bodkin Arrow
35:39 Conscription
36:52 Heavy Camel Rider
37:33 Husbandry
37:38 Shatagni
38:03 Chain Barding Armor
37:43 Light Cavalry
38:34 Bloodlines
38:27 Squires
38:15 Arson
40:15 Gold Shaft Mining
41:01 Plate Barding Armor
40:42 Leather Archer Armor
40:28 Bracer
40:16 Imperial Camel Rider
42:13 Chemistry
41:34 Ballistics
41:25 Fortified Wall
41:22 Siege Engineers
41:31 Masonry
43:18 Ring Archer Armor
45:04 Stone Shaft Mining
45:58 Scale Mail Armor
46:56 Chain Mail Armor
46:46 Murder Holes
67:23 Hussar
Andril
3:21 Loom
12:23 Feudal Age
17:04 Castle Age
15:30 Double-Bit Axe
16:12 Horse Collar
17:56 Wheelbarrow
18:58 Bow Saw
19:50 Stone Mining
20:49 Gold Mining
21:53 Heavy Plow
27:14 Stone Shaft Mining
28:36 Gold Shaft Mining
30:01 Hand Cart
33:28 Imperial Age
31:05 Town Watch
32:01 Treadmill Crane
32:18 Murder Holes
32:35 Fortified Wall
33:35 Caravan
33:54 Tigui
35:37 Conscription
36:43 Chemistry
36:40 Crop Rotation
37:54 Bloodlines
37:44 Husbandry
37:06 Heavy Camel Rider
37:10 Light Cavalry
38:25 Town Patrol
38:12 Cavalier
40:56 Masonry
42:04 Forging
41:59 Scale Barding Armor
41:45 Fletching
41:58 Farimba
42:30 Guard Tower
43:01 Ballistics
43:13 Architecture
42:34 Heated Shot
44:31 Iron Casting
44:18 Chain Barding Armor
43:54 Bodkin Arrow
45:34 Plate Barding Armor
45:01 Padded Archer Armor
45:02 Scale Mail Armor
45:04 Squires
44:49 Arson
44:52 Pikeman
44:53 Man-at-Arms
46:43 Chain Mail Armor
48:12 Plate Mail Armor
47:58 Leather Archer Armor
48:20 Keep
49:10 Ring Archer Armor
48:04 Long Swordsman
48:08 Capped Ram
48:35 Two-Handed Swordsman
49:48 Coinage
49:59 Onager
50:13 Elite Gbeto
51:53 Banking
51:38 Guilds
53:21 Careening
53:22 Clinker Construction
52:34 Champion
52:47 Siege Onager
55:14 Hoardings
58:09 Sappers
leuler
0:47 Loom
12:29 Feudal Age
17:21 Castle Age
15:11 Double-Bit Axe
15:25 Horse Collar
18:29 Bow Saw
19:08 Heavy Plow
20:35 Wheelbarrow
19:47 Town Watch
29:15 Imperial Age
28:36 Chemistry
27:50 Fortified Wall
28:37 Treadmill Crane
29:18 Houfnice
30:15 Hand Cart
30:03 Town Patrol
30:36 Squires
29:57 Pikeman
30:48 Forging
30:39 Scale Mail Armor
31:56 Conscription
31:47 Wagenburg Tactics
33:03 Two-Man Saw
32:48 Iron Casting
32:35 Halberdier
33:32 Chain Mail Armor
34:54 Siege Engineers
35:21 Ballistics
34:59 Murder Holes
35:43 Arson
36:30 Plate Mail Armor
37:01 Blast Furnace
36:50 Padded Archer Armor
36:40 Fletching
36:56 Scale Barding Armor
37:06 Masonry
39:17 Architecture
39:43 Bombard Tower
40:20 Hussite Reforms
40:30 Caravan
41:14 Redemption
41:21 Block Printing
41:11 Atonement
42:17 Bodkin Arrow
42:37 Leather Archer Armor
42:43 Chain Barding Armor
41:49 Elite Skirmisher
41:50 Crossbowman
41:56 Capped Ram
42:56 Guilds
43:52 Bracer
44:25 Ring Archer Armor
45:22 Onager
45:22 Heavy Scorpion
51:19 Fervor
51:35 Illumination
51:10 Devotion
51:31 Sanctity
51:31 Heresy
51:47 Theocracy
51:08 Herbal Medicine
54:48 Arrowslits
54:53 Guard Tower
55:14 Clinker Construction
55:15 Careening
55:11 Siphons
54:30 Arbalester
66:00 Faith
Infidel Pollo
0:28 Loom
14:01 Feudal Age
15:24 Wheelbarrow
14:37 Double-Bit Axe
14:43 Horse Collar
17:21 Gold Mining
17:32 Stone Mining
22:55 Castle Age
23:42 Heavy Plow
25:22 Bow Saw
26:01 Hand Cart
25:33 Town Watch
27:00 Gold Shaft Mining
27:20 Stone Shaft Mining
33:50 Imperial Age
31:07 Town Watch
31:38 Husbandry
31:53 Bloodlines
31:43 Fletching
32:06 Scale Barding Armor
32:19 Forging
32:24 Caravan
32:59 Coinage
33:23 Town Patrol
35:08 Two-Man Saw
34:42 Crop Rotation
34:35 Conscription
34:58 Citadels
36:10 Masonry
35:56 Murder Holes
35:52 Heated Shot
37:03 Chemistry
37:01 Architecture
36:53 Ballistics
37:02 Chain Barding Armor
37:18 Iron Casting
37:05 Sappers
38:11 Hoardings
39:30 Elite War Elephant
41:19 Blast Furnace
40:28 Bodkin Arrow
41:35 Plate Barding Armor
41:42 Banking
41:41 Scale Mail Armor
45:25 Devotion
45:40 Guilds
48:18 Faith
49:58 Chain Mail Armor
49:30 Arson
49:46 Squires
49:07 Pikeman
49:13 Heavy Camel Rider
61:56 Halberdier
65:00 Plate Mail Armor
Valentin
10:09 Feudal Age
12:36 Double-Bit Axe
12:35 Horse Collar
13:26 Fletching
19:18 Castle Age
18:57 Gold Mining
20:21 Bow Saw
21:31 Heavy Plow
22:07 Stone Mining
22:53 Gold Shaft Mining
24:11 Gold Shaft Mining
26:16 Wheelbarrow
25:30 Loom
26:13 Fletching
26:24 Padded Archer Armor
28:11 Ballistics
33:14 Imperial Age
31:45 Bodkin Arrow
32:06 Leather Archer Armor
34:04 Hand Cart
36:49 Chemistry
36:47 Bracer
37:17 Ring Archer Armor
37:00 Scale Barding Armor
38:31 Elite Longbowman
39:36 Yeomen
39:59 Yeomen
39:44 Warwolf
40:49 Caravan
43:02 Husbandry
42:23 Cavalier
44:46 Conscription
53:46 Chain Barding Armor
72:09 Forging
72:36 Plate Barding Armor
Connection lost

Rejoining the realm…

Still unreachable

The connection could not be restored.

Session expired

The server has moved on; the page needs a fresh start.